 Dungeon Crawl Stone Soup version 0.17-a0-1-g1f4be75 (webtiles) character file.

25 McCoppin the Sneak (level 2, 0/14 HPs)
             Began as a Felid Monk on Mar 8, 2015.
             Succumbed to a worker ant's poison
             ... in the Ecumenical Temple.
             The game lasted 00:05:56 (1093 turns).

McCoppin the Sneak (Felid Monk)                     Turns: 1093, Time: 00:05:57

Health: 0/14       AC:  1    Str:  7    XL:     2   Next: 82%
Magic:  3/3        EV: 20    Int: 13    God:
Gold:   45         SH:  0    Dex: 22    Spells: 0 memorised, 1 level left
                                        Lives:  0   Deaths: 0

rFire  . . .     SeeInvis +       - Unarmed
rCold  . . .     Clarity  .     (armour unavailable)
rNeg   . . .     SustAb   .     (shield unavailable)
rPois  .         Gourm    .     (helmet unavailable)
rElec  .         Spirit   .     (cloak unavailable)
rCorr  .         Warding  .     (gloves unavailable)
rMut   .         Stasis   .     (boots unavailable)
MR     +....                    (no amulet)
Stlth  ++++......               i - ring of the Enemy {MR+ Dex+4}
                                a - +2 ring of intelligence

@: lethally poisoned (0 -> -6), quick, somewhat resistant to hostile
enchantments, stealthy
A: paw claws, no armour, no weapons or thrown items, fangs 3, see invisible,
carnivore 3, speed 1, shaggy fur 1, slow metabolism 1, sharp paws
a: no special abilities


You were in the Ecumenical Temple.
You were very full.

You visited 2 branches of the dungeon, and saw 5 of its levels.

You collected 45 gold pieces.

Inventory:

Jewellery
 a - a +2 ring of intelligence (left paw)
 i - the ring of the Enemy (right paw) {MR+ Dex+4}
   (You found it on level 4 of the Dungeon)

   [ring of dexterity]

   It affects your dexterity (+4).
   It affects your resistance to hostile enchantments.
Scrolls
 c - a scroll of remove curse {unknown}
 d - 2 scrolls of teleportation {unknown}
 e - a scroll of noise {unknown}
 h - a scroll of recharging {unknown}
Books
 g - a book of the Warp

   Spells                             Type                      Level
   a - Recall                         Summoning/Translocation      3
   b - Control Teleport               Charms/Translocation         4
   c - Force Lance                    Conjuration/Translocation    4
   d - Phase Shift                    Translocation                5
   e - Warp Weapon                    Charms/Translocation         5
   f - Gell's Gravitas                Hexes/Translocation          5
   g - Summon Forest                  Summoning/Translocation      5
Comestibles
 b - a meat ration


   Skills:
 - Level 3.0 Fighting
 - Level 4.0 Dodging
 + Level 4.8 Stealth
 - Level 4.0 Unarmed Combat


You had one spell level left.
You didn't know any spells.

Dungeon Overview and Level Annotations

Branches:
Dungeon (4/15)             Temple (1/1) D:4

Altars:
Dithmenos
Fedhas
Trog


Innate Abilities, Weirdness & Mutations

You cannot wear armour.
You are incapable of wielding weapons or throwing items.
You have razor-sharp teeth.
You have supernaturally acute eyesight.
You are carnivorous and can eat meat at any time.
You cover ground quickly.
You are covered in fur (AC +1).
You have a slow metabolism.
Your paws have sharp claws that are effective at stabbing.


Message History

Found a staircase to the Ecumenical Temple.
Found a scroll labeled SHOCUA DEEGG.
A worker ant comes into view.
A rat comes into view.
Found a leather armour.
There is a staircase to the Ecumenical Temple here.
You scratch the worker ant but do no damage.
The worker ant completely misses you.
You closely miss the worker ant. The worker ant bites you.
Drink which item? (? for menu, Esc to quit)
It was a potion of restore abilities.
You feel refreshed. The worker ant completely misses you.
The rat twitches its whiskers.
The worker ant bites you!
Ouch! That really hurt!
* * * LOW HITPOINT WARNING * * *
You are lethally poisoned!
The worker ant poisons you!
You climb downwards.
Welcome to the Ecumenical Temple!
You die...

... ...._....
...........
.............
...............
...._....._....
...............
≈...............≈
≈≈......@......≈≈
≈≈≈....a......≈≈≈
≈≈≈.........≈≈≈
≈≈≈≈.......≈≈≈≈
≈≈≈≈≈≈...≈≈≈≈≈≈
≈≈≈≈≈≈≈≈≈≈≈≈≈
≈§≈≈≈≈≈≈≈≈≈
≈§≈≈≈≈≈≈§ ≈≈§


You could see a worker ant.

Vanquished Creatures
  A ball python (D:3)
  2 bats
  3 hobgoblins (D:1)
  4 jackals (D:1)
  A giant cockroach (D:1)
  5 goblins
  2 kobolds
  2 quokka skeletons (D:4)
  4 rats
24 creatures vanquished.

Notes
Turn   | Place    | Note
--------------------------------------------------------------
     0 | D:1      | McCoppin, the Felid Monk, began the quest for the Orb.
     0 | D:1      | Reached XP level 1. HP: 10/10 MP: 2/2
   407 | D:1      | Reached XP level 2. HP: 14/14 MP: 3/3
  1023 | D:4      | Got a clouded lapis lazuli ring
  1026 | D:4      | Identified the ring of the Enemy {MR+ Dex+4} (You found it on level 4 of the Dungeon)
  1082 | D:4      | Found a staircase to the Ecumenical Temple.
  1093 | Temple   | Entered the Ecumenical Temple
  1093 | Temple   | Succumbed to a worker ant's poison

Action                   || total
-------------------------++-------
Melee: Unarmed           ||    72
  Use: Potion            ||     1
 Stab: Sleeping          ||     5
       Distracted        ||     1
  Eat: Chunk             ||     7
